 Dungeon Crawl Stone Soup version 0.22-a0-280-g69bf1f3 (webtiles) character file.

3007 b5mith the Fighter (level 9, -5/82 HPs)
             Began as a Minotaur Berserker on Mar 16, 2018.
             Was an Elder of Trog.
             Slain by a gnoll sergeant
             ... wielding a +0 spear
              (9 damage)
             ... on level 8 of the Dungeon.
             The game lasted 00:13:52 (5709 turns).

b5mith the Fighter (Minotaur Berserker)             Turns: 5709, Time: 00:13:53

Health: -5/82      AC:  8    Str: 24    XL:     9   Next: 54%
Magic:  8/8        EV: 14    Int:  4    God:    Trog [****..]
Gold:   310        SH:  0    Dex: 11    Spells: 8/8 levels left

rFire    . . .     SeeInvis .   j - +3 mace (protect)
rCold    + . .     Gourm    .   (no shield)
rNeg     . . .     Faith    .   i - +0 ring mail
rPois    .         Spirit   .   (helmet restricted)
rElec    .         Reflect  .   u - +0 cloak
rCorr    .         Harm     .   (no gloves)
MR       .....                  (no boots)
Stlth    +.........             (no amulet)
HPRegen  0.23/turn              h - ring of protection from cold
MPRegen  0.11/turn              (no ring)

@: berserk cooldown, slowed, very slow
A: retaliatory headbutt, horns 2
a: Berserk, Trog's Hand, Brothers in Arms, Renounce Religion


You were on level 8 of the Dungeon.
You worshipped Trog.
Trog was greatly pleased with you.
You were hungry.

You visited 1 branch of the dungeon, and saw 8 of its levels.

You collected 310 gold pieces.

Inventory:

Hand Weapons
 a - a +0 falchion
 j - a +3 mace of protection (weapon)
 y - a +4 mace
Missiles
 q - 4 javelins (quivered)
 t - 7 exploding tomahawks
Armour
 b - a +0 animal skin
 i - a +0 ring mail (worn)
 u - a +0 cloak (worn)
Jewellery
 h - a ring of protection from cold (left hand)
Wands
 A - a wand of enslavement (13)
 C - a wand of polymorph (14)
Scrolls
 k - 5 scrolls of teleportation
 n - a scroll of enchant armour {unknown}
 o - 3 scrolls of enchant weapon
 r - 6 scrolls of remove curse {@r2}
 w - 2 scrolls of fear {unknown}
 D - a scroll of immolation {unknown}
 F - a scroll of blinking {unknown}
 G - a scroll of fog {unknown}
Potions
 d - 3 potions of ambrosia
 e - 2 potions of agility {unknown}
 f - a potion of might {unknown}
 g - 3 potions of curing {@q1}
 l - 2 potions of degeneration {unknown}
 m - a potion of heal wounds {unknown}
 p - 4 potions of brilliance
 s - 2 potions of haste
 v - 3 potions of cancellation {unknown}
 x - a potion of mutation {unknown}
 z - 3 potions of lignification {unknown}
 B - a potion of magic {unknown}
Comestibles
 c - 14 rations
 E - 2 chunks of flesh


   Skills:
 + Level 8.7 Fighting
 - Level 4.1 Long Blades
 + Level 8.1 Maces & Flails
 + Level 8.2 Armour
 + Level 7.4 Dodging


You had 8 spell levels left.
You didn't know any spells.

Dungeon Overview and Level Annotations

Branches:
Dungeon (8/15)             Temple (0/1) D:5
   Lair: D:8-11

Altars:
Cheibriados
Gozag
Okawaru
Ru
Trog
Zin

Shops:
D:5 =

Annotations:
D:8 1 runed door


Innate Abilities, Weirdness & Mutations

You reflexively headbutt those who attack you in melee.
You have a pair of horns on your head.


Message History

The two-headed ogre hits you with a giant club!
* * * LOW HITPOINT WARNING * * *
You hit the two-headed ogre.
The two-headed ogre is heavily wounded.
You bludgeon the two-headed ogre!!
You kill the two-headed ogre!
Trog accepts your kill.
Your Maces & Flails skill increases to level 8!
Your Armour skill increases to level 8!
Your Dodging skill increases to level 7!
The gnoll sergeant hits you from afar with a spear!
* * * LOW HITPOINT WARNING * * *
You feel a strong urge to attack something.
You are no longer berserk.
You are exhausted.
You feel yourself slow down.
The gnoll sergeant hits you but does no damage.
There is a stone staircase leading up here.
The gnoll sergeant hits you from afar with a spear!
You die...

.##.. .... #..
#####.##
#......#####
#.......g..#
#...g..# ...
.######.##..#
..##.....##.##@.#
#.#.. #...g##..#
#... ##..g##..#
##.. #.###.)##..#
##..###+.####g##..#
....#>.._..A#.##...
##..####.####.##.##
....g###.###..##.#
###...##>##......#


You could see a gnoll sergeant and a gnoll.

Vanquished Creatures
  A two-headed ogre (D:8)
  Prince Ribbit (D:6)
  A hippogriff (D:6)
  A spriggan (D:7)
  Menkaure (D:7)
  A black bear (D:6)
  2 sky beasts
  2 ice beasts
  3 centaurs
  A big kobold (D:6)
  A bullfrog (D:8)
  3 scorpions
  5 wights (D:6)
  2 howler monkeys
  A jelly (D:6)
  A hound (D:5)
  An orc priest (D:3)
  2 iguanas
  2 worker ants
  A hound zombie (D:8)
  A hound skeleton (D:4)
  4 gnolls
  6 adders
  A shadow imp (D:5)
  3 oozes
  3 worms
  2 dart slugs
  8 leopard geckos
  8 orcs
  5 bats
  4 giant cockroaches
  8 goblins
  9 hobgoblins
  11 jackals
  8 kobolds
  4 quokkas
  5 frilled lizards
  A leopard gecko skeleton (D:5)
  A leopard gecko zombie (D:5)
  2 quokka zombies
  7 rats
  A bush (D:6)
  2 plants (D:6)
137 creatures vanquished.

Notes
Turn   | Place    | Note
-------+----------+-------------------------------------------
     0 | D:1      | b5mith the Minotaur Berserker began the quest for the Orb.
     0 | D:1      | Reached XP level 1. HP: 19/19 MP: 0/0
    51 | D:1      | Reached XP level 2. HP: 23/27 MP: 1/1
   195 | D:1      | Reached XP level 3. HP: 17/33 MP: 2/2
   680 | D:2      | Reached ** piety under Trog
  1296 | D:3      | Reached skill level 1 in Maces & Flails
  1376 | D:3      | Found a bloodstained altar of Trog.
  1425 | D:3      | Found a sacrificial altar of Ru.
  1438 | D:3      | Noticed a scorpion
  1442 | D:3      | Killed a scorpion
  1442 | D:3      | Reached XP level 4. HP: 39/41 MP: 3/3
  1926 | D:3      | Reached XP level 5. HP: 45/47 MP: 4/4
  2205 | D:4      | Found an opulent altar of Gozag.
  2270 | D:4      | Reached *** piety under Trog
  2322 | D:4      | Reached XP level 6. HP: 39/55 MP: 5/5
  2666 | D:5      | Entered Level 5 of the Dungeon
  2672 | D:5      | Found Kusying's Jewellery Emporium.
  2699 | D:5      | Reached skill level 5 in Fighting
  2753 | D:5      | Noticed a sky beast
  2759 | D:5      | Killed a sky beast
  2796 | D:5      | Noticed an ice beast
  2809 | D:5      | Killed an ice beast
  2809 | D:5      | Reached XP level 7. HP: 41/61 MP: 6/6
  3021 | D:5      | Found a staircase to the Ecumenical Temple.
  3213 | D:5      | Found a snail-covered altar of Cheibriados.
  3213 | D:5      | Found an iron altar of Okawaru.
  3304 | D:6      | Reached skill level 5 in Maces & Flails
  3304 | D:6      | Reached skill level 5 in Armour
  3311 | D:6      | Noticed Prince Ribbit
  3326 | D:6      | Killed Prince Ribbit
  3326 | D:6      | Reached skill level 5 in Dodging
  3520 | D:6      | Reached XP level 8. HP: 36/71 MP: 7/7
  3879 | D:6      | Noticed a hippogriff
  3889 | D:6      | Killed a hippogriff
  4682 | D:7      | Noticed Menkaure
  4700 | D:7      | Killed Menkaure
  4700 | D:7      | Reached **** piety under Trog
  5468 | D:7      | Reached XP level 9. HP: 74/81 MP: 8/8
  5645 | D:8      | Found a glowing silver altar of Zin.
  5646 | D:8      | Found a runed door.
  5646 | D:8      | Noticed an angel
  5673 | D:8      | Noticed a two-headed ogre
  5701 | D:8      | Killed a two-headed ogre
  5701 | D:8      | HP: 3/123 [gnoll sergeant/spear (7)]
  5709 | D:8      | Slain by a gnoll sergeant

Vault maps used:
D:1:      lemuel_arrival_behind_the_door_large
D:3:      lemuel_round_altar, trog_three_pillars_becter
D:4:      nicolae_gozag_seed_capital
D:5:      gammafunk_temple_overflow_wave, minmay_temple_entry_statues_fountains,
          first_ration, serial_shops, shop
D:6:      lexackson_kobold_supper, uniq_prince_ribbit1
D:7:      the_bakery, uniq_menkaure
D:8:      enter_bailey_7, nrook_uturn, lemuel_angel_altar

Skill      XL: |  1  2  3  4  5  6  7  8  9 |
---------------+----------------------------+-----
Long Blades    | 4 |  4.1
Fighting       | 4 5 6 7 8 |  8.7
Armour         | 3 4 5 7 8 |  8.2
Maces & Flails | 2 3 4 5 7 8 |  8.1
Dodging        | 3 4 5 6 7 |  7.4

Action                   |  1- 3 |  4- 6 |  7- 9 || total
-------------------------+-------+-------+-------++-------
Melee: Falchion          |    42 |       |       ||    42
       Headbutt          |    16 |    17 |    49 ||    82
       Mace              |    42 |    85 |   195 ||   322
Invok: Berserk           |       |     1 |     1 ||     2
  Use: Scroll            |       |     5 |     2 ||     7
       Potion            |       |       |     1 ||     1
  Eat: Chunk             |     2 |     5 |     6 ||    13
       Ration            |       |       |     1 ||     1
Armor: Animal skin       |     8 |       |       ||     8
       Ring mail         |    14 |    40 |    53 ||   107
Dodge: Dodged            |    58 |    55 |   102 ||   215
       Rpst.: Falchion   |    11 |       |       ||    11

Table legend:
 A = Spawn XP
 B = Non-spawn XP
 C = Spawn XP percentage of total XP
 D = Spawn monster count
 E = Non-spawn monster count
 F = Spawn count percentage of total count
 G = Total turns spent on level
                    A         B        C        D         E        F      G
               +---------+---------+-------+---------+---------+-------+---------
         Total |       0 |    4297 |   0.0 |       0 |     134 |   0.0 |  5709
               +---------+---------+-------+---------+---------+-------+---------
           D:1 |       0 |      44 |   0.0 |       0 |      24 |   0.0 |   667
           D:2 |       0 |      20 |   0.0 |       0 |       7 |   0.0 |   606
           D:3 |       0 |     182 |   0.0 |       0 |      30 |   0.0 |   867
           D:4 |       0 |     156 |   0.0 |       0 |      12 |   0.0 |   526
           D:5 |       0 |     380 |   0.0 |       0 |      12 |   0.0 |   600
           D:6 |       0 |    1707 |   0.0 |       0 |      32 |   0.0 |  1365
           D:7 |       0 |     624 |   0.0 |       0 |      11 |   0.0 |   997
           D:8 |       0 |    1184 |   0.0 |       0 |       6 |   0.0 |    81
               +---------+---------+-------+---------+---------+-------+---------
